woodfighter, chaotic female elven Rogue ------ -------- |..... .......| |....| ...........| |..<.| # .......... |.....### ############f@D |....| # # ........ ----.- ### # -------- # # # # ### # # # # # ### # --------+----- # # |............| #### |............| ## |...........(| ##+ |...>.........######## -------------- woodfighter the Rogue Experience level: 6 Strength: 18 Dexterity: 19 Constitution: 14 Intelligence: 10 Wisdom: 8 Charisma: 7 Health: 0(37) Energy: 34(34) Def: 3 Gold: 0 Moves: 2945 Dungeon seed: 7CWhBDCF9SOyEDBf Game ID: woodfighter_1511444542 Your Inventory: Amulets m - an uncursed amulet versus poison (being worn) Weapons a - a blessed +0 elven short sword b - 12 +0 elven daggers (in quiver) p - a blessed +3 orcish dagger named Dagger of Serenity (weapon in hand) Armor e - an uncursed +1 leather armor (being worn) Comestibles i - 3 uncursed food rations Rings M - an uncursed ring of conflict Wands h - a wand of opening (0:3) v - a wand of enlightenment (0:12) Tools g - an uncursed blindfold l - an uncursed magic lamp s - an uncursed sack y - an uncursed skeleton key I - a can of grease (0:11) Contents of the sack: 312 gold pieces a [uncursed] scroll of enchant armor 2 [blessed] scrolls of identify a [uncursed] scroll of scare monster 2 [uncursed] scrolls of scare monster a [uncursed] scroll of taming a [uncursed] spellbook of extra healing a [uncursed] spellbook of fireball a [uncursed] potion of booze a [uncursed] potion of confusion a [uncursed] potion of enlightenment a [uncursed] potion of extra healing a [uncursed] potion of gain energy a [uncursed] potion of healing an uncursed potion of sickness 2 [uncursed] potions of speed a [uncursed] potion of water a [uncursed] ring of slow digestion Spells and supernatural/magical abilities: Name Level Category Fail Memory W - pray for help -- divine ? -- Your skills at the end: Miscellaneous Skills wands [Basic] Weapon Skills dagger [Basic] short sword [Basic] Spellcasting Skills Final Attributes: You were piously aligned. You were sleep resistant. You were poison resistant. You were telepathic. You had infravision. You were stealthy. You are dead. Vanquished creatures: a housecat a rock piercer a fog cloud a giant ant a floating eye an iguana 3 hill orcs 2 giant bats a werejackal 4 killer bees 2 coyotes a hobbit 3 acid blobs a large kobold 4 giant rats 2 gnomes 11 manes 3 gnome zombies 13 jackals a fox 4 newts 5 goblins 2 sewer rats 6 grid bugs 5 lichens a kobold zombie 80 creatures vanquished. Voluntary challenges: You did not cause conflict. You were not invisible. You did not have reflection. You were not displaced. You were an atheist. You used a wielded weapon 68 times, starting on turn 2. You did not apply a unicorn horn. You did not use plumbed fixtures. You did not drink any magical draughts. You were illiterate. You never genocided any monsters. You never polymorphed an object. You never changed form. You used no wishes. You never split a pudding. You never wrote Elbereth's name. You never violated your personal moral code. Dungeon overview: The Dungeons of Doom: levels 1 to 9 Level 1 a long staircase Level 2 a fountain stairs to The Gnomish Mines Level 3 a general store Level 4 a general store, a fountain Level 5 (throne room) a throne Level 6 some fountains, a sink Level 7 a fountain Level 8 <- You were here Level 9 The Gnomish Mines: Level 3 stairs to The Dungeons of Doom History has recorded: On T:1 you entered the Dungeons of Doom to retrieve the Amulet of Yendor! On T:168 you reached level 2 of The Dungeons of Doom. On T:334 you advanced to experience level 2. On T:550 you reached level 1 of The Gnomish Mines. On T:628 you reached level 3 of The Dungeons of Doom. On T:928 you advanced to experience level 3. On T:1018 you reached level 4 of The Dungeons of Doom. On T:1346 you reached level 5 of The Dungeons of Doom. On T:1662 you advanced to experience level 4. On T:1817 you reached level 6 of The Dungeons of Doom. On T:2190 you advanced to experience level 5. On T:2462 you advanced to experience level 6. On T:2490 you reached level 7 of The Dungeons of Doom. On T:2507 you reached level 8 of The Dungeons of Doom. On T:2898 you reached level 9 of The Dungeons of Doom. Score breakdown: Gold: 312 ( 31 points) Experience: 6 levels ( 500 points) Exploration: 9 levels ( 240 points) Discoveries: 22 items ( 1100 points) Variety of kills: 26 monsters ( 1300 points) Major goal: (nothing yet) ( 0 points) Survival: died (score multiplied by 3) Total score: 9513 Latest messages: You displace kitty. You stop exploring. (2x) You throw 2 elven daggers. The 1st elven dagger hits the pony! The 2nd elven dagger hits the pony. You throw 2 elven daggers. The 1st elven dagger hits the pony. The 2nd elven dagger hits the pony. The giant ant bites! You throw 2 elven daggers. The 1st elven dagger hits the giant ant. The 2nd elven dagger hits the giant ant! The giant ant bites! (2x) You throw 2 elven daggers. The 1st elven dagger hits the giant ant! You kill the giant ant! b - 3 +0 elven daggers (in quiver). b - 4 +0 elven daggers (in quiver). b - a +0 elven dagger (in quiver). You hear a strange wind. You stop exploring. The ancient orange dragon bites! You die... Final status: Goodbye woodfighter the Rogue, killed by an ancient orange dragon... You died in The Dungeons of Doom on dungeon level 8 with 9513 points, and 312 pieces of gold, after 2945 moves. You were level 6 with a maximum of 37 hit points when you died.